 Dungeon Crawl Stone Soup version 0.13.2 (webtiles) character file.

58 zdzicho121 the Digger (level 3, -2/19 HPs)
             Began as a Gargoyle Earth Elementalist on Dec 18, 2023.
             Slain by an inept door mimic (4 damage)
             ... on Level 1 of the Dungeon.
             The game lasted 00:02:52 (1249 turns).

zdzicho121 the Digger (Gargoyle Earth Elementalist) Turns: 1249, Time: 00:02:52

HP  -2/19        AC  5     Str 11      XL: 3   Next: 10%
MP   0/6         EV 12     Int 16      God:
Gold 31          SH  0     Dex 10      Spells:  1 memorised,  4 levels left

Res.Fire  : . . .   See Invis. : .   b - 36 stones
Res.Cold  : . . .   Warding    : .   c - +0 robe
Life Prot.: + . .   Conserve   : .   (no shield)
Res.Poison: +       Res.Corr.  : .   (no helmet)
Res.Elec. : +       Clarity    : .   (no cloak)
Sust.Abil.: . .     Spirit.Shd : .   (no gloves)
Res.Mut.  : .       Stasis     : .   (no boots)
Res.Rott. : +       Flight     : .   (no amulet)
Saprovore : . . .                    (no ring)
                                     (no ring)

@: very slightly contaminated, held, not resistant to hostile enchantments,
fairly stealthy
A: fangs 1, talons 2, life protection 1, electricity resistance, slow metabolism
1, unbreathing, petrification resistance, AC +3
a: no special abilities


You were on level 1 of the Dungeon.
You were very hungry.

You visited 1 branch of the dungeon, and saw 2 of its levels.

You collected 11 gold pieces.

Inventory:

Missiles
 b - 36 stones (in hand)
Armour
 c - a +0 robe (worn)
Comestibles
 a - 3 bread rations
 g - a pear
Scrolls
 f - a scroll of curse armour {unknown}
 i - a scroll of amnesia {unknown}
 j - a scroll of teleportation {unknown}
Jewellery
 e - an uncursed ring of sustenance {unknown}
Books
 d - a book of Geomancy

   Spells                             Type                      Level
   *Sandblast                         Earth                        1
   Stoneskin                          Transmutation/Earth          2
   Passwall                           Transmutation/Earth          3
   Stone Arrow                        Conjuration/Earth            3
   Petrify                            Transmutation/Earth          4
   Lee's Rapid Deconstruction         Earth                        5


   Skills:
 - Level 1.5 Dodging
 - Level 2.1 Stealth
 + Level 1.5 Spellcasting
   Level 0.7 Transmutations
 + Level 4.7 Earth Magic


You had 4 spell levels left.
You knew the following spells:

 Your Spells              Type           Power        Failure   Level  Hunger
a - Sandblast             Erth           ###...       3%          1    ##.....


Dungeon Overview and Level Annotations

Branches:
Dungeon (2/27)

Altars:


Innate Abilities, Weirdness & Mutations

You are resistant to torment.
You are immune to poison.
Your stone body is very resilient (AC +3).
You have very sharp teeth.
You have razor-sharp toenails.
You resist negative energy.
You are resistant to electric shocks.
You have a slow metabolism.
You can survive without breathing.
You are immune to petrification.


Message History

The inept door mimic is almost destroyed.
The inept door mimic barely misses you.
Casting: Sandblast
Confirm with . or Enter, or press ? or * to list all spells.
Aiming: Sandblast
Press: ? - help, Shift-Dir - straight line, f/p - inept door mimic
Aim: an inept door mimic (almost destroyed, holding you)
The rocky blast hits the inept door mimic.
The inept door mimic is almost destroyed.
The inept door mimic snaps closed at you.
* * * LOW HITPOINT WARNING * * *
Casting: Sandblast
Confirm with . or Enter, or press ? or * to list all spells.
Aiming: Sandblast
Press: ? - help, Shift-Dir - straight line, f/p - inept door mimic
Aim: an inept door mimic (almost destroyed, holding you)
The rocky blast hits the inept door mimic.
The inept door mimic is almost destroyed.
The inept door mimic snaps closed at you.
You die...

#######.#######.##...............
######............#.#.#.#.#.#....
#.........#####.##...............
#.#.#.#.#.# #.###.#.#.#.#.#...#
#.........# #.##...............
#.#.#.#.#.# #.###.#.#.#.#.#####
..........# #..............#
#.#.#.#.#.# ######.#.#.#.#.##
#.........# #..@+..>........#
#.#.#.#.#.# #.####.#.#.#.#.##
#.........# ##.## #..##.###%.#
###......####...####.#### #..#
######......#....#.## #..#
######...##...(# #..# ###
##.#####.## #.># ..# #.# #.#
#..#### #.######### #.# #.#
#.....#


You could see an inept door mimic.

Vanquished Creatures
  A giant gecko (D:1)
  5 bats (D:1)
  3 hobgoblins (D:1)
  3 jackals (D:1)
  2 kobolds (D:1)
  2 giant cockroaches (D:1)
  4 goblins (D:1)
  4 rats (D:1)
24 creatures vanquished.

Notes
Turn   | Place    | Note
--------------------------------------------------------------
     0 | D:1      | zdzicho121, the Gargoyle Earth Elementalist, began the quest for the Orb.
     0 | D:1      | Reached XP level 1. HP: 10/10 MP: 3/3
    62 | D:1      | Reached skill level 4 in Earth Magic
   161 | D:1      | Reached XP level 2. HP: 15/15 MP: 2/4
   878 | D:1      | Reached XP level 3. HP: 10/19 MP: 1/6
  1249 | D:1      | Slain by an inept door mimic

Action                   || total
-------------------------++-------
Melee: Unarmed           ||    24
 Cast: Sandblast         ||    49
